 Dungeon Crawl Stone Soup version 0.17-a0-1647-gb11a595 (console) character file.

1645 Monkaria the Destroyer (level 8, -14/41 HPs)
             Began as a Deep Elf Conjurer on Aug 12, 2015.
             Demolished by Prince Ribbit (15 damage)
             ... on level 5 of the Dungeon.
             The game lasted 00:09:26 (4905 turns).

Monkaria the Destroyer (Deep Elf Conjurer)          Turns: 4905, Time: 00:09:26

Health: -14/41     AC:  6    Str:  5    XL:     8   Next: 67%
Magic:  7/22       EV: 18    Int: 23    God:
Gold:   188        SH:  0    Dex: 20    Spells: 4 memorised, 11 levels left

rFire  + . .     SeeInvis .     y - wand of enslavement (6)
rCold  . . .     Clarity  .     a - +0 robe
rNeg   . . .     SustAt   .     (no shield)
rPois  .         Gourm    .     x - +0 helmet
rElec  .         Spirit   .     (no cloak)
rCorr  .         Warding  .     n - +0 pair of gloves
rMut   .         Stasis   .     p - +1 pair of boots
MR     .....                    d - amulet of inaccuracy (curse)
Stlth  +++.......               (no ring)
                                k - ring of protection from fire

@: agile, not resistant to hostile enchantments, fairly stealthy
A: no striking features
a: no special abilities


You were on level 5 of the Dungeon.
You were not hungry.

You visited 1 branch of the dungeon, and saw 5 of its levels.
You also visited: Sewer.

You collected 188 gold pieces.

Inventory:

Missiles
 w - 7 needles of slowing
 A - 17 poisoned needles
Armour
 a - a +0 robe (worn)
 n - a +0 pair of gloves (worn)
 p - a +1 pair of boots (worn)
 x - a +0 helmet (worn)
 E - a +1 ring mail of fire resistance
Jewellery
 d - a cursed amulet of inaccuracy (around neck)
 k - a ring of protection from fire (left hand)
Magical devices
 e - a wand of enslavement (0)
 q - a wand of flame (37)
 y - a wand of enslavement (6) (in hand)
 C - a wand of flame (0)
Scrolls
 i - 2 scrolls of fog
 m - 2 scrolls of amnesia
 u - 2 scrolls of teleportation {unknown}
 v - a scroll of remove curse {unknown}
 D - a scroll of identify
Potions
 h - 4 potions of flight
 j - 2 potions of brilliance
 l - 2 potions of resistance
 o - 2 potions of agility
 r - 3 potions of heal wounds {unknown}
 s - 5 potions of curing
 t - 3 potions of might {unknown}
Books
 b - a book of Conjurations

   Spells                             Type                      Level
   a - Magic Dart                     Conjuration                  1
   b - Searing Ray                    Conjuration                  2
   c - Dazzling Spray                 Conjuration/Hexes            3
   d - Fulminant Prism                Conjuration/Hexes            4
   e - Iskenderun's Mystic Blast      Conjuration                  4
   f - Iskenderun's Battlesphere      Conjuration/Charms           5
 z - a book of Envenomations

   Spells                             Type                      Level
   a - Spider Form                    Transmutation/Poison         3
   b - Alistair's Intoxication        Transmutation/Poison         4
   c - Olgreb's Toxic Radiance        Poison                       4
   d - Poisonous Cloud                Conjuration/Poison/Air       6
Comestibles
 c - 2 bread rations
 f - 3 meat rations
 g - 2 beef jerkies
 B - a royal jelly
 F - 3 chunks of flesh


   Skills:
 - Level 2.4 Dodging
 - Level 2.4 Stealth
 + Level 8.1 Spellcasting
 - Level 11.0 Conjurations


You had 11 spell levels left.
You knew the following spells:

 Your Spells              Type           Power        Failure   Level  Hunger
a - Magic Dart            Conj           ####         1%          1    None
b - Searing Ray           Conj           ######       1%          2    None
c - Iskenderun's Mystic   Conj           ######..     1%          4    ###....
d - Iskenderun's Battles  Conj/Chrm      ####....     21%         5    #####..


Dungeon Overview and Level Annotations

Branches:
Dungeon (5/15)
 Temple: D:4-7

Altars:
Fedhas
Nemelex Xobeh

Shops:
D:5 [

Annotations:
D:5 Dowan, Prince Ribbit


Message History

Prince Ribbit hits you!
Casting: Searing Ray
Confirm with . or Enter, or press ? or * to list all spells.
Aiming: Searing Ray
Press: ? - help, Shift-Dir - straight line, f/p - Prince Ribbit
Aim: Prince Ribbit (lightly wounded)
The searing ray hits Prince Ribbit.
Prince Ribbit is moderately wounded.
Prince Ribbit hits you.
The searing ray hits Prince Ribbit.
Prince Ribbit is heavily wounded.
Prince Ribbit hits you! x2
* * * LOW HITPOINT WARNING * * *
The searing ray misses Prince Ribbit.
Prince Ribbit hits you.
* * * LOW HITPOINT WARNING * * *
Drink which item? (? for menu, Esc to quit)
It was a potion of agility.
You feel agile all of a sudden. Prince Ribbit hits you!
You die...

#$..# #..># .#
#...##### ##.#
#.......# ###..#
#.......# .##
#....# #.......#
....##....#
#(......#
#....#.=..#
#.@F....# #......#
#..)....# #
#....####.......#
#.#....#.........##
#................#
###..............#
.........)........#
#
.###..............#
.. ###.#..........#


You could see Prince Ribbit.

Vanquished Creatures
  Pikel (D:4)
  Duvessa (D:5)
  The ghost of Ebilmort the Conjurer, an average OpWz (Sewer)
  The ghost of Geomchi the Conjurer, an average TeCj (D:4)
  An ogre (D:4)
  A slave (D:4)
  An ice beast (D:4)
  2 phantoms
  A big kobold (Sewer)
  A hound (D:4)
  2 iguanas
  2 worker ants (D:4)
  9 adders
  A shadow imp (D:5)
  3 oozes
  An adder zombie (D:5)
  2 worms
  4 giant geckos
  10 bats
  4 goblins
  4 hobgoblins
  9 jackals
  18 kobolds
  3 quokkas
  6 ball pythons
  8 giant cockroaches
  6 giant newts
  5 rats
108 creatures vanquished.

Vanquished Creatures (collateral kills)
  Edmund (D:5)
  A worm (D:5)
2 creatures vanquished.

Vanquished Creatures (others)
  A worm (D:4)
  A goblin (D:4)
2 creatures vanquished.

Grand Total: 112 creatures vanquished

Notes
Turn   | Place    | Note
--------------------------------------------------------------
     0 | D:1      | Monkaria the Deep Elf Conjurer began the quest for the Orb.
     0 | D:1      | Reached XP level 1. HP: 10/10 MP: 6/6
   374 | D:1      | Reached XP level 2. HP: 15/15 MP: 6/8
   382 | D:1      | Learned a level 2 spell: Searing Ray
   428 | D:1      | Reached skill level 5 in Conjurations
  1137 | D:2      | Reached XP level 3. HP: 19/19 MP: 7/9
  1972 | D:3      | Reached skill level 6 in Conjurations
  2013 | D:3      | Reached XP level 4. HP: 21/24 MP: 7/10
  2095 | D:3      | Found a sparkling altar of Nemelex Xobeh.
  2485 | D:4      | Noticed Geomchi's ghost (average TeCj)
  2490 | D:4      | Killed Geomchi's ghost
  2490 | D:4      | Reached skill level 7 in Conjurations
  2490 | D:4      | Reached XP level 5. HP: 28/28 MP: 6/11
  2524 | D:4      | Noticed Pikel
  2524 | D:4      | Noticed a slave
  2524 | D:4      | Noticed a slave
  2524 | D:4      | Noticed a slave
  2526 | D:4      | Noticed a slave
  2534 | D:4      | Killed a slave
  2566 | D:4      | Killed Pikel
  2566 | D:4      | Reached skill level 9 in Conjurations
  2566 | D:4      | Reached XP level 6. HP: 19/32 MP: 3/12
  2566 | D:4      | Reached XP level 7. HP: 21/36 MP: 3/13
  2658 | D:4      | Found a blossoming altar of Fedhas.
  2743 | D:4      | Found a glowing drain.
  2775 | Sewer    | Entered a sewer
  2798 | Sewer    | Noticed Ebilmort's ghost (average OpWz)
  2878 | Sewer    | Learned a level 4 spell: Iskenderun's Mystic Blast
  2884 | Sewer    | Learned a level 5 spell: Iskenderun's Battlesphere
  2900 | Sewer    | Killed Ebilmort's ghost
  2900 | Sewer    | Reached skill level 10 in Conjurations
  3698 | D:4      | Noticed an ogre
  3704 | D:4      | Killed an ogre
  3704 | D:4      | Reached skill level 11 in Conjurations
  3704 | D:4      | Reached XP level 8. HP: 11/41 MP: 5/14
  4431 | D:5      | Entered Level 5 of the Dungeon
  4434 | D:5      | Noticed Duvessa
  4438 | D:5      | Noticed Dowan
  4443 | D:4      | Reached skill level 5 in Spellcasting
  4590 | D:5      | Found Noase's Armour Emporium.
  4613 | D:5      | Noticed Prince Ribbit
  4821 | D:5      | Noticed Edmund
  4837 | D:5      | Killed Edmund
  4850 | D:5      | Killed Duvessa
  4904 | D:5      | HP: 1/41 [Prince Ribbit (6)]
  4905 | D:5      | Demolished by Prince Ribbit

Vault maps used:
D:1:      erik_arrival_cave_to_civilisation
D:2:      corner_web_ring, minmay_misc_feat_enclosed, minmay_cupped
D:3:      first_bread, nemelex_lonely_heart_becter
D:4:      lemuel_round_altar, gup_sewer_entry_glass, st_stairs_3,
          kennysheep_generic_room_16, uniq_pikel, uniq_crazy_yiuf_cottage
D:5:      serial_shops, shop_statue, uniq_edmund, uniq_duvessa,
          uniq_prince_ribbit1
Sewer:    kennysheep_pipe_town

Action                   |  1- 3 |  4- 6 |  7- 9 || total
-------------------------+-------+-------+-------++-------
Melee: Unarmed           |     2 |     1 |     3 ||     6
 Cast: Magic Dart        |    70 |    14 |    74 ||   158
       Searing Ray       |     2 |     7 |    29 ||    38
       Iskenderun's Myst |       |       |     1 ||     1
Evoke: Wand              |       |       |     3 ||     3
  Use: Scroll            |     6 |       |     1 ||     7
       Potion            |       |     2 |     1 ||     3
  Eat: Chunk             |     3 |     1 |     7 ||    11
       Beef jerky        |       |       |     1 ||     1
